 Dungeon Crawl Stone Soup version 0.27-a0-720-g3f424a255b (webtiles) character file.

Game seed: 5642057311529613932

57 Anathary the Skirmisher (level 3, -6/31 HPs)
             Began as a Palentonga Fighter on Mar 23, 2021.
             Mangled by an orc
             ... wielding a +2 short sword of electrocution
              (17 damage)
             ... on level 3 of the Dungeon.
             The game lasted 00:03:56 (2086 turns).

Anathary the Skirmisher (Palentonga Fighter)        Turns: 2086, Time: 00:03:56

Health: -6/31      AC:  7    Str: 20    XL:     3   Next: 73%
Magic:  3/3        EV:  9    Int:  8    God:
Gold:   54         SH:  8    Dex:  9    Spells: 2/2 levels left

rFire    . . .     SeeInvis +   a - +0 long sword
rCold    . . .     Faith    .   c - +0 kite shield
rNeg     . . .     Spirit   .   b - +0 scale mail
rPois    .         Reflect  .   i - +0 helmet
rElec    .         Harm     .   (no cloak)
rCorr    .         Rampage  .   (no gloves)
Will     .....                  (no barding)
Stlth    ..........             (no amulet)
HPRegen  0.10/turn              m - +4 ring of evasion
MPRegen  0.08/turn              (no ring)

@: no status effects
A: large, rugged brown scales 3, see invisible, deformed body, roll 1, armoured
tail
a: Rolling Charge


You were on level 3 of the Dungeon.
You visited 1 branch of the dungeon, and saw 3 of its levels.

You collected 54 gold pieces.

Inventory:

Hand Weapons
 a - a +0 long sword (weapon)
Armour
 b - a +0 scale mail (worn)
 c - a +0 kite shield (worn)
 i - a +0 helmet (worn)
Jewellery
 g - a +6 ring of intelligence
 m - a +4 ring of evasion (right hand)
Scrolls
 e - 2 scrolls of enchant weapon {unknown}
 f - a scroll of magic mapping {unknown}
Potions
 d - a potion of might
 h - 2 potions of mutation {unknown}
 j - a potion of resistance {unknown}
 k - 2 potions of curing {unknown}
 l - a potion of heal wounds {unknown}
 n - a potion of flight {unknown}


   Skills:
 + Level 3.4 Fighting
 + Level 2.6 Long Blades
 + Level 2.9 Armour
 + Level 0.3 Dodging
 + Level 2.7 Shields


You had 2 spell levels left.
You didn't know any spells.
Your spell library was empty.

Dungeon Overview and Level Annotations

Branches:
Dungeon (3/15)

Altars:
Ru


Innate Abilities, Weirdness & Mutations

You are completely covered in rugged brown scales. (AC +3, +7% HP)
You have supernaturally acute eyesight. (SInv)
Armour fits poorly on your strangely shaped body.
You can roll at nearby foes to attack.
You have a long armoured tail.


Message History

The bat closely misses you.
You riposte.
You barely miss the bat.
Your tail-slap misses the bat.
The bat barely misses you. You block the bat's attack.
The bat hits you but does no damage.
You hit the bat. You tail-slap the bat.
You kill the bat!
There is a stone staircase leading down here.
You climb downwards.
The adder completely misses you. You block the adder's attack.
There is a stone staircase leading up here.
You miss the adder. You tail-slap the adder!
The adder is severely wounded.
The adder barely misses you.
You riposte.
You barely miss the adder.
The adder is severely wounded.
The adder misses you.
You barely miss the adder.
The adder is severely wounded.
The adder bites you. The orc closely misses you. You block the adder's attack.
You barely miss the adder.
The adder is severely wounded.
The adder bites you but does no damage. You block the orc's attack.
You barely miss the adder.
Your tail-slap misses the adder.
The adder is severely wounded.
A bat comes into view.
You block the adder's attack.
A frilled lizard comes into view.
The orc barely misses you. The adder bites you but does no damage.
The orc hits you but does no damage.
You miss the adder.
The adder is severely wounded.
The adder bites you but does no damage.
The orc hits you with a +2 short sword of electrocution.
You are electrocuted!
Ouch! That really hurt!
You block the adder's attack. The adder barely misses you.
The orc hits you with a +2 short sword of electrocution.
You are electrocuted!
Ouch! That really hurt!
You die...

####+#####
#.....@..#
#.....boS.#
#............
#.....8.....##
#...8...8..##
#...l......#
##.8.....8!#
#.........#


You could see an adder, an orc, a bat and a frilled lizard.

Vanquished Creatures
  2 dart slugs (D:1)
  3 ball pythons
  7 bats
  A giant cockroach (D:1)
  4 goblins
  5 hobgoblins
  7 oozes
  3 quokkas
  4 frilled lizards
  7 kobolds
  7 rats
50 creatures vanquished.

Notes
Turn   | Place    | Note
-------+----------+-------------------------------------------
     0 | D:1      | Anathary the Palentonga Fighter began the quest for the
                  | Orb.
     0 | D:1      | Reached XP level 1. HP: 19/19 MP: 1/1
    75 | D:1      | Reached XP level 2. HP: 21/25 MP: 2/2
   465 | D:1      | Reached XP level 3. HP: 28/31 MP: 3/3
  1879 | D:2      | Found a sacrificial altar of Ru.
  2086 | D:3      | Mangled by an orc

Illustrated notes

Levels and vault maps discovered:
D:1:      lemuel_arrival_broad_hall, layout_loops_ring
D:2:      layout_rooms, lemuel_round_altar
D:3:      layout_basic, nicolae_uskayaw_dance_hall, uniq_crazy_yiuf_cottage,
          uniq_sigmund

Action                   || total
-------------------------++-------
Melee: Long sword        ||   138
       Tailslap          ||    17
Armor: Scale mail        ||    82
Dodge: Dodged            ||    45
Block: Kite shield       ||    97
       Rpst.: Long sword ||    26

Table legend: (Time is in decaauts)
 A = Elapsed time spent in this place.
 B = Non-inter-level travel time spent in this place.
 C = Inter-level travel time spent in this place.
 D = Time resting spent in this place.
 E = Time spent auto-exploring this place.
 F = Levels seen in this place.
 G = Mean time per level.
                   A        B        C        D        E       F      G
               +--------+--------+--------+--------+--------+-----+--------+
         Total |   2154 |   2120 |     34 |    540 |   1105 |   3 |  718.0 |
       Dungeon |   2154 |   2120 |     34 |    540 |   1105 |   3 |  718.0 |
               +--------+--------+--------+--------+--------+-----+--------+

Top non-repeatable levels by time:
     D:2: 1101 daAuts
     D:1: 1043 daAuts
     D:3: 10 daAuts
